[Event "Late-Titled-Tuesday-Blitz-August-29-2023"]
[Site "Chess.com"]
[Date "2023.08.29"]
[Round "1"]
[White "Aleksandar-Topalov"]
[Black "ftorodent"]
[Result "0-1"]
[WhiteElo "2370"]
[BlackElo "2681"]
[TimeControl "180+1"]
[EndTime "14:06:35 PDT"]
[Termination "ftorodent won on time"]

1. b3 e5 2. Bb2 Nc6 3. c4 Nf6 4. e3 Be7 5. Nf3 d6 6. d4 e4 7.
d5 exf3 8. dxc6 bxc6 9. gxf3 Be6 10. Rg1 O-O 11. Qc2 Ne8 12. Bd3 g6 13. Bxg6 fxg6 14. Rxg6+ Kf7 15. Rh6 Nf6 16. Nd2 Rg8 17. O-O-O Rg6 18.
Rxg6 hxg6 19. Rg1 Qg8 20. f4 Qh7 21. Nf3 Nd7 22. Ng5+ Bxg5 23. Rxg5 Rg8 24. Qe4 d5 25. cxd5 cxd5 26. Qa4 Qxh2 27. Bd4 c5 0-1

[Event "Late-Titled-Tuesday-Blitz-August-29-2023"]
[Site "Chess.com"]
[Date "2023.08.29"]
[Round "1"]
[White "maurovargas01"]
[Black "Dare-Dare"]
[Result "0-1"]
[WhiteElo "1893"]
[BlackElo "2522"]
[TimeControl "180+1"]
[EndTime "14:06:36 PDT"]
[Termination "Dare-Dare won on time"]

1. e4 d6 2. f4 e5 3. Nf3 Nc6 4. Bb5 Bd7 5. d3 Nge7 6. O-O a6 7. Bc4 Na5 8. Bxf7+ Kxf7 9. Ng5+ Kg8 10. fxe5 Ng6 11. e6 Be8 12. Nf7 Qe7 13. Nxh8 Kxh8 14. Qg4 Ne5 15. Qh3 Bg6 16. d4 Nec6 17. d5 Ne5 18.
Rf4 c6 19. Nc3 Qc7 20. Be3 Nac4 21. Bf2 Nxb2 22. Rb1 Nbc4 23. Bd4 Be7 24. Rbf1 c5 25. Bf2 b5 26. Bh4 Kg8 27. g4 b4 28. Ne2 Ne3 29.
R1f2 Nxc2 30. Qf1 Ne3 31. Bxe7 Qxe7 0-1

[Event "Late-Titled-Tuesday-Blitz-August-29-2023"]
[Site "Chess.com"]
[Date "2023.08.29"]
[Round "1"]
[White "IngOscarArdila"]
[Black "Meri-Arabidze"]
[Result "0-1"]
[WhiteElo "2301"]
[BlackElo "2602"]
[TimeControl "180+1"]
[EndTime "14:06:37 PDT"]
[Termination "Meri-Arabidze won by resignation"]

1. d4 d5 2. c4 dxc4 3. Qa4+ Nc6 4. Nf3 a6 5. Qxc4 Nf6 6. Nc3 Bg4 7. e3 Bxf3 8. gxf3 e6 9. Bg2 Ne7 10. e4 c6 11. Bg5 h6 12. Bh4 Ng6 13. Bg3 Nh5 14. Rd1 Nhf4 15. O-O Be7 16. Rfe1 O-O 17. Ne2 Nxg2 18.
Kxg2 h5 19. h3 Nh4+ 20. Bxh4 Bxh4 21. Ng3 Qg5 22. Qc5 f5 23. Qe5 Rf6 24. Kh1 Bxg3 25.
fxg3 Raf8 26. Kh2 Qg6 27. f4 h4 28. Rg1 fxe4 29. gxh4 Qf5 30. Qxf5 Rxf5 31. Rg6 Rxf4 32.
Rdg1 Rf2+ 33. Kh1 R8f7 34. Rxe6 Rxb2 35. Re8+ Kh7 36. Rg2 Rb1+ 37. Kh2 Re1 38. Rg4 e3 39. Rg3 Rf2+ 40. Rg2 Ree2 41. Rxf2 exf2 0-1

[Event "Late-Titled-Tuesday-Blitz-August-29-2023"]
[Site "Chess.com"]
[Date "2023.08.29"]
[Round "1"]
[White "ilya2700"]
[Black "Zq1"]
[Result "0-1"]
[WhiteElo "2078"]
[BlackElo "2535"]
[TimeControl "180+1"]
[EndTime "14:06:37 PDT"]
[Termination "Zq1 won by resignation"]

1. c4 e6 2. Nc3 d5 3. d4 a6 4.
cxd5 exd5 5. Qb3 c6 6. e4 dxe4 7. Bc4 Qe7 8. a4 Nf6 9. Nge2 g6 10. Bg5 Bg7 11. O-O O-O 12. Nf4 a5 13. Rfe1 Qb4 14.
Qa2 Bf5 15. h3 h5 16. d5 Nbd7 17. Rad1 Ne5 18. Bb3 c5 19. d6 c4 20. Bc2 Nd3 21. Ncd5 Nxd5 22. Nxd5 Qxd6 23. Ne7+ Kh8 24. Nxf5 gxf5 25.
Qxc4 Rac8 26. Qb3 Qg6 27. Bxd3 Qxg5 28. Bc4 Rc6 29. Bxf7 Rf6 30. Rd7 f4 31. Qxb7 f3 32.
g3 Qf5 33. Be6 Rxe6 34. Rxg7 Rh6 35. Kh2 h4 36. g4 Qe5+ 0-1

[Event "Late-Titled-Tuesday-Blitz-August-29-2023"]
[Site "Chess.com"]
[Date "2023.08.29"]
[Round "1"]
[White "The_Princess_Moon"]
[Black "Joshukid"]
[Result "1-0"]
[WhiteElo "2227"]
[BlackElo "2543"]
[TimeControl "180+1"]
[EndTime "14:06:39 PDT"]
[Termination "The_Princess_Moon won by resignation"]

1. e4 g6 2. Nf3 Bg7 3. d4 d6 4. Nc3 a6 5. h3 b5 6. a3 Bb7 7. Bd3 Nd7 8. Bg5 Ngf6 9. Qd2 c5 10. O-O-O cxd4 11. Nxd4 Rc8 12. f3 b4 13. axb4 Qb6 14.
Nce2 d5 15. Rhe1 dxe4 16. fxe4 Nxe4 17. Bxe4 Bxe4 18. Nc3 Qxd4 19. Qxd4 Bxd4 20. Rxd4 Bf5 21. Bxe7 Be6 22. Nd5 h5 23. c4 h4 24. Bxh4 Rh5 25. Nf4 Rxh4 26. Nxe6 Rxd4 27. Nxd4+ Kd8 28. c5 a5 29. c6 axb4 30. Kd2 Nb8 31. Rc1 Kc7 32. Kd3 Rd8 33. Ke4 Rd6 34. Nb5+ 1-0

[Event "Late-Titled-Tuesday-Blitz-August-29-2023"]
[Site "Chess.com"]
[Date "2023.08.29"]
[Round "1"]
[White "Alphafischer2019"]
[Black "Andreikka"]
[Result "0-1"]
[WhiteElo "2508"]
[BlackElo "3034"]
[TimeControl "180+1"]
[EndTime "14:06:43 PDT"]
[Termination "Andreikka won on time"]

1. d4 Nf6 2. Bf4 b6 3. e3 Bb7 4. Nf3 e6 5. Be2 Bd6 6. Bxd6 cxd6 7. Nbd2 d5 8. h4 Nc6 9. c3 Ne4 10. Bd3 f5 11. g3 a5 12. Qe2 Qe7 13. a4 O-O 14. O-O d6 15. Bb5 Kh8 16. Kg2 e5 17. Rae1 Nd8 18. Rh1 Ne6 19. dxe5 dxe5 20. Nxe5 d4 21.
Nxe4 dxe3 22. Qxe3 fxe4 23. Bc6 Bxc6 24. Nxc6 Qf6 25.
Rhf1 Nc5 26. Nd4 Rae8 27. b4 Nd3 28. Re2 Qg6 29. Kh1 axb4 30. cxb4 Nxb4 31. Nb3 Rf3 32. Qd4 Rxb3 33. Rfe1 Nd3 34. Rxe4 Nxe1 0-1

[Event "Late-Titled-Tuesday-Blitz-August-29-2023"]
[Site "Chess.com"]
[Date "2023.08.29"]
[Round "1"]
[White "Chessdemon2019"]
[Black "stoleriu"]
[Result "1-0"]
[WhiteElo "2371"]
[BlackElo "2632"]
[TimeControl "180+1"]
[EndTime "14:06:43 PDT"]
[Termination "Chessdemon2019 won by resignation"]

1. e4 e6 2. d4 d5 3. exd5 exd5 4. Bd3 Nc6 5. c3 Bd6 6. Nf3 Nge7 7. O-O Bg4 8. Nbd2 Qd7 9. h3 Bh5 10. Qe1 f6 11. b4 O-O-O 12. a4 g5 13. a5 g4 14.
hxg4 Qxg4 15. b5 Nb8 16. Ba3 Rhg8 17. g3 Qd7 18. Bxd6 Qxd6 19. Qe3 Rxg3+ 20. fxg3 Qxg3+ 21. Kh1 Qh3+ 22. Kg1 Qg3+ 23. Kh1 Rg8 24. Rf2 Nd7 25.
Rg1 Qh3+ 26. Rh2 Rxg1+ 27. Kxg1 Qg3+ 28. Rg2 Qd6 29. Nh4 Bg6 30. Bxg6 hxg6 31. Nxg6 1-0

[Event "Late-Titled-Tuesday-Blitz-August-29-2023"]
[Site "Chess.com"]
[Date "2023.08.29"]
[Round "1"]
[White "Djager97"]
[Black "hsd2016"]
[Result "1-0"]
[WhiteElo "2585"]
[BlackElo "2277"]
[TimeControl "180+1"]
[EndTime "14:06:44 PDT"]
[Termination "Djager97 won on time"]

1. e4 c5 2. Nf3 e6 3. d4 cxd4 4. Nxd4 a6 5. Nc3 Nc6 6. Nxc6 bxc6 7. Bd3 d5 8. O-O Nf6 9. Qf3 Be7 10. Qg3 O-O 11. Bh6 Ne8 12. Bf4 Bb7 13. Rad1 Bd6 14. e5 Be7 15. Qh3 g6 16. Ne2 c5 17. c4 Qc8 18. Qh6 d4 19. Ng3 Ng7 20. h4 Qd8 21. h5 Rb8 22. f3 Bc6 23. b3 Bh4 24. Kf2 1-0

[Event "Late-Titled-Tuesday-Blitz-August-29-2023"]
[Site "Chess.com"]
[Date "2023.08.29"]
[Round "1"]
[White "IMRosen"]
[Black "Defenstrator"]
[Result "1-0"]
[WhiteElo "2617"]
[BlackElo "2313"]
[TimeControl "180+1"]
[EndTime "14:06:45 PDT"]
[Termination "IMRosen won by resignation"]

1. d4 e6 2. Bf4 Nf6 3. e3 b6 4. Qf3 Nc6 5. Nc3 Bd6 6. O-O-O Bxf4 7. Qxf4 Bb7 8. Nf3 d6 9. e4 Qe7 10. d5 e5 11. Qg3 Nb8 12. Qxg7 Rg8 13. Qh6 Nbd7 14.
Nb5 O-O-O 15. Nxa7+ Kb8 16. Nc6+ Bxc6 17. dxc6 Nc5 18.
Qe3 Ng4 19. Qe2 Nxe4 20. Qxe4 Nxf2 21. Qe2 Qe6 22. Qxf2 Qxa2 23. Nd2 Rg4 24. Nb1 Rb4 25. c3 Rb3 26. Bc4 1-0

[Event "Late-Titled-Tuesday-Blitz-August-29-2023"]
[Site "Chess.com"]
[Date "2023.08.29"]
[Round "1"]
[White "Young_Catalan_Player09"]
[Black "Mops_2004"]
[Result "0-1"]
[WhiteElo "2439"]
[BlackElo "2784"]
[TimeControl "180+1"]
[EndTime "14:06:46 PDT"]
[Termination "Mops_2004 won by resignation"]

1. e4 g6 2. h4 Nf6 3. e5 Nh5 4. d4 d6 5. Nf3 Bg4 6. Bc4 e6 7. Bg5 Be7 8. Bxe7 Qxe7 9. Nbd2 dxe5 10. dxe5 Nd7 11. Qe2 O-O-O 12. O-O-O Nb6 13. Bb3 Ng7 14.
Ne4 Rxd1+ 15. Rxd1 Rd8 16. Nf6 Bxf3 17. Qxf3 h5 18.
Qe4 Nf5 19. f3 c6 20. g4 hxg4 21. fxg4 Rxd1+ 22. Kxd1 Nxh4 23. Qf4 a5 24. Qh6 Nf3 25. Qf4 Qd8+ 26. Kc1 Nd4 27. Qf1 a4 28. Bc4 Qh8 29.
Qd3 Qh6+ 30. Kd1 Qh1+ 31. Kd2 Qh2+ 32. Kc3 c5 33. Bb5 Qxe5 34. Nd7 Nxb5+ 0-1

[Event "Late-Titled-Tuesday-Blitz-August-29-2023"]
[Site "Chess.com"]
[Date "2023.08.29"]
[Round "1"]
[White "wgraif"]
[Black "ZuraTqebuchava"]
[Result "1-0"]
[WhiteElo "2545"]
[BlackElo "2149"]
[TimeControl "180+1"]
[EndTime "14:06:46 PDT"]
[Termination "wgraif won on time"]

1. e4 e5 2. Nf3 Nc6 3. d4 exd4 4.
c3 d6 5. cxd4 Bg4 6. d5 Ne5 7.
Bb5+ c6 8. dxc6 bxc6 9. Be2 Bxf3 10. Bxf3 Nf6 11. O-O Be7 12. Be2 Qb6 13. Nc3 O-O 14. Kh1 c5 15. f4 Nc6 16. Bd3 Rad8 17. b3 Nd4 18. Ne2 d5 19. e5 Ne4 20. Nxd4 cxd4 21. Bb2 Bb4 22. Qh5 Bc3 23. Ba3 Rfe8 24. Rad1 1-0

[Event "Late-Titled-Tuesday-Blitz-August-29-2023"]
[Site "Chess.com"]
[Date "2023.08.29"]
[Round "1"]
[White "rookoco"]
[Black "JoshuaGK27"]
[Result "1/2-1/2"]
[WhiteElo "2687"]
[BlackElo "2406"]
[TimeControl "180+1"]
[EndTime "14:06:47 PDT"]
[Termination "Game drawn - insufficient material"]

1. e4 e5 2. Nf3 Nc6 3. Bb5 Nge7 4.
Nc3 g6 5. d4 exd4 6. Nd5 Bg7 7.
Bf4 Nxd5 8. exd5 Ne7 9. d6 cxd6 10. O-O O-O 11. Bxd6 Re8 12. a4 Nc6 13. Re1 Re6 14. Bf4 d5 15. Qd2 Bd7 16. a5 a6 17. Bxc6 bxc6 18.
Nxd4 Rxe1+ 19. Rxe1 Qf6 20. Be5 Qd8 21. Bxg7 Kxg7 22.
Qc3 Qf6 23. Re7 Rd8 24. h3 h5 25. f4 c5 26. Qxc5 Rc8 27. Qa7 Qxe7 28. f5 Qe3+ 29. Kh2 Qe5+ 30. Kh1 Qd6 31. fxg6 Re8 32. Nf5+ Bxf5 33.
Qxf7+ Kh6 34. Qxe8 Qxg6 35. Qe3+ Kh7 36. c3 Be4 37. Qf2 Qf5 38. Qa7+ Kg6 39. Qxa6+ Qf6 40. Qxf6+ Kxf6 41. a6 Ke5 42. Kh2 d4 43. cxd4+ Kxd4 44. Kg3 Kc5 45. Kf2 h4 46. g3 hxg3+ 47. Kxg3 Kb6 48.
Kf4 Bd3 49. Ke3 Bf5 50. h4 Kxa6 51. Kf4 Bb1 52. Ke5 Kb5 53. Kf6 Kb4 54. h5 Kb3 55. h6 Kxb2 56. Kg7 Bd3 57. h7 Bxh7 1/2-1/2

[Event "Late-Titled-Tuesday-Blitz-August-29-2023"]
[Site "Chess.com"]
[Date "2023.08.29"]
[Round "1"]
[White "protectiago"]
[Black "Tejas_Rama"]
[Result "0-1"]
[WhiteElo "2106"]
[BlackElo "2540"]
[TimeControl "180+1"]
[EndTime "14:06:48 PDT"]
[Termination "Tejas_Rama won on time"]

1. d4 Nf6 2. c4 e6 3. g3 d5 4.
Nf3 dxc4 5. Bg2 c5 6. Qa4+ Nbd7 7. Qxc4 a6 8. a4 b5 9. Qc2 Bb7 10. O-O cxd4 11. axb5 axb5 12. Rxa8 Qxa8 13. Nbd2 Bd6 14.
Re1 O-O 15. Bh3 e5 16. b3 Rc8 17. Qb1 Rd8 18. Bb2 Bb4 19. Qf5 Bxf3 20. Nxf3 Bxe1 21.
Nxe1 Qe4 22. Qxe4 Nxe4 23. Nd3 Nec5 0-1

[Event "Late-Titled-Tuesday-Blitz-August-29-2023"]
[Site "Chess.com"]
[Date "2023.08.29"]
[Round "1"]
[White "PawnEatingZombie"]
[Black "Defend1r"]
[Result "0-1"]
[WhiteElo "2097"]
[BlackElo "2539"]
[TimeControl "180+1"]
[EndTime "14:06:48 PDT"]
[Termination "Defend1r won on time"]

1. e4 c5 2. Nc3 d6 3. f4 g6 4. Nf3 Bg7 5. Bc4 e6 6. d3 Ne7 7. O-O O-O 8. Qe1 Nbc6 9. Bd2 Nd4 10. Nxd4 cxd4 11. Nd1 b6 12. Qh4 d5 13. Bb3 dxe4 14.
dxe4 Ba6 15. Re1 Rc8 16. Nf2 d3 17. c3 Bc4 18. Kh1 Bxb3 19. axb3 Nc6 20. Qh3 Na5 21. Ra3 Qd7 22. f5 exf5 23. exf5 Rfe8 24. Rxe8+ Rxe8 25.
Qxd3 Qxd3 26. Nxd3 Rd8 27. b4 Nc6 28. c4 Bxb2 29. Rb3 Bf6 30. fxg6 hxg6 31. g3 Ne5 32. Nxe5 Rxd2 33. Nc6 a6 34. b5 a5 35. c5 a4 36. Ra3 bxc5 37. Rxa4 Rb2 38. Rc4 Rxb5 39.
Kg2 Kf8 40. h4 Ke8 41. Na7 Rb2+ 0-1

[Event "Late-Titled-Tuesday-Blitz-August-29-2023"]
[Site "Chess.com"]
[Date "2023.08.29"]
[Round "1"]
[White "Ajedrez_con_German"]
[Black "AsaHoffmann"]
[Result "1-0"]
[WhiteElo "2659"]
[BlackElo "2360"]
[TimeControl "180+1"]
[EndTime "14:06:50 PDT"]
[Termination "Ajedrez_con_German won by resignation"]

1. b3 d6 2. d4 Nf6 3. Bb2 Bf5 4. Nf3 Nbd7 5. e3 c6 6. Be2 Qc7 7. O-O h6 8. c4 e5 9. Nc3 Be7 10. Rc1 a6 11. Re1 O-O 12. Bf1 Rfe8 13. d5 c5 14. a3 Rab8 15. h3 e4 16. Nd2 Bf8 17. Be2 Ne5 18. Qc2 Qd7 19. Ndxe4 Nxe4 20. Nxe4 b5 21.
Bxe5 Rxe5 22. Bd3 bxc4 23. bxc4 Bxe4 24. Bxe4 Ree8 25. Rb1 Be7 26. Bh7+ Kf8 27. Bf5 Qc7 28.
Qa4 a5 29. Bd7 Red8 30. Bb5 Bf6 31. Qc2 g6 32. g3 Kg7 33. Kg2 Rb7 34. h4 h5 35. Rb3 Qe7 36. Reb1 Qe5 37. Ba4 Re7 38. Rb7 Rxb7 39. Rxb7 g5 40. hxg5 Qxg5 41. Qe4 Rh8 42. Be8 Rf8 43. Bb5 h4 44. Qxh4 Qxh4 45. gxh4 Bxh4 46. Ra7 Bd8 47. Rd7 Bf6 48. Rxd6 Bc3 49.
Rc6 1-0

[Event "Late-Titled-Tuesday-Blitz-August-29-2023"]
[Site "Chess.com"]
[Date "2023.08.29"]
[Round "1"]
[White "giomar27"]
[Black "ozates"]
[Result "0-1"]
[WhiteElo "2248"]
[BlackElo "2571"]
[TimeControl "180+1"]
[EndTime "14:06:50 PDT"]
[Termination "ozates won by checkmate"]

1. e4 c5 2. Nf3 Nc6 3. b4 cxb4 4. d4 e6 5. a3 d5 6. e5 Bd7 7. axb4 Bxb4+ 8. c3 Be7 9. Bd3 Nh6 10. O-O Nf5 11. Na3 g5 12. Nb5 a6 13. Bxf5 exf5 14. Nd6+ Bxd6 15. exd6 Rg8 16. c4 Be6 17. Re1 Qxd6 18.
Nxg5 O-O-O 19. c5 Qe7 20. Nf3 Rg4 21. h3 Re4 22. Bg5 f6 23. Bh4 Rg8 24. Qd3 Qg7 25.
g3 f4 26. Nd2 Rxd4 27. Qe2 Ne5 28. Nf3 Re4 29. Qd1 fxg3 30. Bxg3 Qh6 31. Nd4 Qxh3 32.
c6 Rxg3+ 33. fxg3 Qxg3+ 34. Kf1 Bh3# 0-1

[Event "Late-Titled-Tuesday-Blitz-August-29-2023"]
[Site "Chess.com"]
[Date "2023.08.29"]
[Round "1"]
[White "Chemim21"]
[Black "karinachess1"]
[Result "1-0"]
[WhiteElo "2310"]
[BlackElo "2582"]
[TimeControl "180+1"]
[EndTime "14:06:52 PDT"]
[Termination "Chemim21 won by resignation"]

1. e4 c5 2. Nf3 e6 3. c3 d5 4.
exd5 exd5 5. d4 Nc6 6. Be2 Bd6 7. O-O Nge7 8. dxc5 Bxc5 9. b4 Bd6 10. a3 O-O 11. Nbd2 Bg4 12. Re1 Bc7 13. Nb3 Qd6 14. g3 Rad8 15. Bf4 Qd7 16. Bxc7 Qxc7 17. Rc1 Nf5 18.
Nbd4 Nd6 19. Nxc6 bxc6 20. Qd4 Bxf3 21. Bxf3 Nc4 22. a4 a6 23. a5 Nd6 24. Qc5 Nb7 25. Qb6 Qxb6 26. axb6 Nd6 27. Ra1 Ra8 28. Be2 Rfb8 29. Rxa6 Rxa6 30. Bxa6 Rxb6 31. Bf1 Rb8 32.
Re7 Kf8 33. Rd7 Ne4 34. c4 Rxb4 35. cxd5 cxd5 36. Rxd5 Ke7 37. Ra5 Rb1 38. Kg2 Rb2 39.
Re5+ 1-0

[Event "Late-Titled-Tuesday-Blitz-August-29-2023"]
[Site "Chess.com"]
[Date "2023.08.29"]
[Round "1"]
[White "WildBizon"]
[Black "Sajkochess"]
[Result "1-0"]
[WhiteElo "2725"]
[BlackElo "2417"]
[TimeControl "180+1"]
[EndTime "14:06:54 PDT"]
[Termination "WildBizon won on time"]

1. e4 c6 2. d4 d5 3. f3 e6 4. Nc3 Bb4 5. Bf4 Ne7 6. Qd3 b6 7.
O-O-O Ba6 8. Qe3 Bxf1 9. Rxf1 O-O 10. Nge2 c5 11. a3 cxd4 12. Qxd4 Nbc6 13. Qd3 Bd6 14.
exd5 exd5 15. Nxd5 Nxd5 16. Qxd5 Bxf4+ 17. Nxf4 Qc7 18. Nh5 Rfd8 19. Qg5 f6 20. Nxf6+ Kh8 21. Nd5 Qf7 22. Nc3 h6 23. Qe3 Re8 24. Qf2 Rac8 25. Rd1 Na5 26. Kb1 Nc4 27. Rd3 Qf6 28. Qd4 Qf8 29.
Rhd1 Nxa3+ 30. bxa3 Qxa3 31. Qa4 Qc5 32. Qb3 b5 33.
Ne4 Qc6 34. Rd7 Rxe4 35. fxe4 a5 36. Rd8+ 1-0

[Event "Late-Titled-Tuesday-Blitz-August-29-2023"]
[Site "Chess.com"]
[Date "2023.08.29"]
[Round "1"]
[White "EddieUrquhart"]
[Black "Ajedrecista3000"]
[Result "0-1"]
[WhiteElo "2412"]
[BlackElo "2707"]
[TimeControl "180+1"]
[EndTime "14:06:58 PDT"]
[Termination "Ajedrecista3000 won by checkmate"]

1. e4 e5 2. Nf3 Nc6 3. d4 exd4 4. Bc4 Nf6 5. e5 d5 6. Bb5 Nd7 7. O-O Be7 8. Re1 O-O 9. Bxc6 bxc6 10. Nxd4 Nb8 11.
f4 c5 12. Nf3 Bf5 13. Nc3 c6 14. Ne2 Na6 15. Ng3 Qd7 16. c3 c4 17. Be3 Nc5 18. Bxc5 Bxc5+ 19. Kh1 Bd3 20. Nd4 Rab8 21. Qd2 a5 22. f5 Bxd4 23. cxd4 Bxf5 24. Qg5 Bg6 25. Re2 Rb7 26. h4 h6 27. Qf4 Rfb8 28. h5 Bd3 29. Rf2 Rxb2 30. Rxb2 Rxb2 31. Re1 Qe6 32. Re3 Rxa2 33.
Kh2 a4 34. Nf1 Bxf1 35. Qxf1 a3 36. Qb1 Rb2 37. Qa1 Qg4 38. Qxa3 Qxg2# 0-1

[Event "Late-Titled-Tuesday-Blitz-August-29-2023"]
[Site "Chess.com"]
[Date "2023.08.29"]
[Round "1"]
[White "Mikhail_Golubev"]
[Black "roxannyzoldyck"]
[Result "1-0"]
[WhiteElo "2556"]
[BlackElo "2192"]
[TimeControl "180+1"]
[EndTime "14:07:00 PDT"]
[Termination "Mikhail_Golubev won by checkmate"]

1. e4 c5 2. Nf3 d6 3. d4 cxd4 4. Nxd4 Nf6 5. Nc3 g6 6. Be3 Bg7 7. f3 O-O 8. Qd2 Nc6 9. O-O-O Bd7 10. g4 Ne5 11. Be2 Rc8 12. h4 h5 13. gxh5 Nxh5 14. Rhg1 Kh7 15. f4 Nc4 16. Bxc4 Rxc4 17. f5 Qa5 18. Rg5 b5 19. Rdg1 Rxc3 20. bxc3 Qxa2 21. Qg2 Qa3+ 22. Kd2 b4 23. fxg6+ fxg6 24. Rxh5+ Kg8 25. Qxg6 Qxc3+ 26. Ke2 Qc4+ 27. Ke1 Qc3+ 28. Kd1 Rf1+ 29. Rxf1 Qxe3 30. Qh7# 1-0

[Event "Late-Titled-Tuesday-Blitz-August-29-2023"]
[Site "Chess.com"]
[Date "2023.08.29"]
[Round "1"]
[White "Schwindle"]
[Black "DeTimmerman"]
[Result "0-1"]
[WhiteElo "2396"]
[BlackElo "2693"]
[TimeControl "180+1"]
[EndTime "14:07:01 PDT"]
[Termination "DeTimmerman won by checkmate"]

1. e4 e5 2. Nf3 Nc6 3. Bb5 f5 4. d3 fxe4 5. dxe4 Nf6 6. Bc4 Na5 7. Qd3 Nxc4 8. Qxc4 d6 9. Nc3 Be7 10. Ng5 Rf8 11. Ne6 Bxe6 12. Qxe6 Qd7 13. Qb3 Qc6 14. f3 Qb6 15. Qxb6 axb6 16. Bg5 Nh5 17. Bxe7 Kxe7 18. Nd5+ Kd7 19. a3 Ra6 20. O-O-O c6 21.
Ne3 b5 22. Nf5 c5 23. Rd2 g6 24.
Ne3 Nf4 25. Nd5 Nxd5 26. Rxd5 b4 27. Rhd1 bxa3 28. bxa3 Ke6 29. Kb2 Rc8 30. c4 Rcc6 31. R1d3 Ra4 32. Rc3 Rb6+ 33. Rb3 Raa6 34. Rxb6 Rxb6+ 35. Kc2 Ra6 36. Rd3 Ra4 37. Kb3 Ra5 38. Kb2 b5 39.
cxb5 Rxb5+ 40. Rb3 Ra5 41. Kc3 Ra4 42. Kb2 g5 43. Rb7 h5 44. Rh7 g4 45. Rxh5 gxf3 46. gxf3 Rd4 47. Kc2 c4 48. Rh8 Rd3 49. Rc8 Rxf3 50.
Rxc4 Rxa3 51. Rc3 Ra2+ 52. Kd3 Rxh2 53. Rc8 Kd7 54. Rg8 Rh1 55. Kc4 Rc1+ 56. Kd3 Rf1 57. Ra8 Rf3+ 58. Kd2 Kc6 59. Ra6+ Kc5 60. Ra5+ Kd4 61.
Rd5+ Kxe4 62. Rxd6 Rf2+ 63. Ke1 Ra2 64. Rh6 Kd4 65.
Kd1 e4 66. Ke1 Kd3 67. Rh3+ e3 68. Rh8 Ra1# 0-1

[Event "Late-Titled-Tuesday-Blitz-August-29-2023"]
[Site "Chess.com"]
[Date "2023.08.29"]
[Round "1"]
[White "Langusto"]
[Black "Vladimir_Zakhartsov"]
[Result "0-1"]
[WhiteElo "2483"]
[BlackElo "2914"]
[TimeControl "180+1"]
[EndTime "14:07:02 PDT"]
[Termination "Vladimir_Zakhartsov won on time"]

1. e4 c5 2. Nf3 e6 3. d4 cxd4 4. Nxd4 a6 5. Bd3 Bc5 6. Nb3 Ba7 7. Qe2 d6 8. Be3 Bxe3 9. Qxe3 Nf6 10. c4 O-O 11.
O-O b6 12. Nc3 Bb7 13. Rad1 Qc7 14. Rd2 Nbd7 15. Rfd1 Ne5 16. Bf1 Rfd8 17. f3 Rab8 18. Nc1 Bc6 19. b3 b5 20. cxb5 axb5 21. N3e2 b4 22. Nd3 Nfd7 23. Nxe5 Nxe5 24. Nd4 Be8 25. f4 Ng4 26. Qg3 Nf6 27. Re1 Rbc8 28. h3 Qc5 29. Kh1 Qc3 30. Qxc3 Rxc3 31. Nb5 Bxb5 32. Bxb5 d5 33.
exd5 Rxd5 34. Rxd5 exd5 35. g4 Rxh3+ 36. Kg2 Rc3 37. g5 Ne4 38. Ba6 Rc2+ 0-1

[Event "Late-Titled-Tuesday-Blitz-August-29-2023"]
[Site "Chess.com"]
[Date "2023.08.29"]
[Round "1"]
[White "GMKrikor"]
[Black "YEIKO2017"]
[Result "1-0"]
[WhiteElo "2881"]
[BlackElo "2469"]
[TimeControl "180+1"]
[EndTime "14:07:02 PDT"]
[Termination "GMKrikor won by resignation"]

1. Nf3 c5 2. c4 g6 3. d4 cxd4 4. Nxd4 Bg7 5. e4 Nc6 6. Be3 Nf6 7. Nc3 O-O 8. Be2 b6 9. O-O Bb7 10. Nc2 Rc8 11. f3 Ne5 12. Na3 d6 13. Qd2 a6 14. Rac1 Ned7 15. Rfd1 Nc5 16. Bd4 Qc7 17. b3 Rfd8 18. Nc2 h5 19. Nb4 Kh7 20. Be3 e6 21.
Kh1 Qe7 22. Bf4 e5 23. Be3 Qf8 24. Nbd5 Nxd5 25. cxd5 b5 26. b4 Nd7 27. a4 bxa4 28. Nxa4 Bh6 29. Kg1 Bxe3+ 30. Qxe3 Nf6 31. Nb6 Rxc1 32.
Rxc1 h4 33. Qg5 Qh6 34. Qxh6+ Kxh6 35. Rc7 Ba8 36. Ra7 Rb8 37. Nxa8 Rxb4 38. Rxa6 Nh5 39. Ra1 Nf4 40. Bf1 Rb2 41. Nc7 f5 42. Ne8 fxe4 43. fxe4 Rb6 44. Nc7 g5 45. Ne6 Nh5 46. Ra6 Rb1 47.
Rxd6 g4 48. Nf4+ 1-0

[Event "Late-Titled-Tuesday-Blitz-August-29-2023"]
[Site "Chess.com"]
[Date "2023.08.29"]
[Round "1"]
[White "oskariot"]
[Black "Good_Knight_Kiss"]
[Result "1-0"]
[WhiteElo "2653"]
[BlackElo "2353"]
[TimeControl "180+1"]
[EndTime "14:07:04 PDT"]
[Termination "oskariot won on time"]

1. e4 c5 2. Nf3 d6 3. d4 cxd4 4. Nxd4 Nf6 5. Nc3 a6 6. h4 e5 7. Nb3 Be6 8. f4 exf4 9. Bxf4 Nc6 10. Qd2 Be7 11. O-O-O Ne5 12. g3 Rc8 13. Nd4 Nc4 14. Bxc4 Rxc4 15. Nxe6 fxe6 16. Qe2 Qc7 17. e5 dxe5 18.
Bxe5 Qc6 19. h5 O-O 20. h6 g6 21. Rhf1 b5 22. Rf4 Rxf4 23. Bxf4 b4 24. Bd6 bxc3 25. Bxe7 cxb2+ 26. Kb1 Rf7 27. Bxf6 1-0

[Event "Late-Titled-Tuesday-Blitz-August-29-2023"]
[Site "Chess.com"]
[Date "2023.08.29"]
[Round "1"]
[White "RamyresCoelho"]
[Black "Goryachkina"]
[Result "1/2-1/2"]
[WhiteElo "2347"]
[BlackElo "2636"]
[TimeControl "180+1"]
[EndTime "14:07:04 PDT"]
[Termination "Game drawn by repetition"]

1. e4 e6 2. d4 d5 3. Nc3 Nf6 4. e5 Nfd7 5. f4 c5 6. Nf3 Nc6 7. Be3 a6 8. a4 cxd4 9. Nxd4 Bc5 10. Nxc6 bxc6 11. Bxc5 Nxc5 12. Qd4 Nd7 13. b4 a5 14. Bd3 axb4 15. Qxb4 c5 16. Qa3 O-O 17. O-O Bb7 18. Nb5 Bc6 19. Qc3 f6 20. exf6 Rxf6 21. Kh1 Rh6 22. Qe1 Qf6 23. c4 Rf8 24. Nc7 d4 25. Be4 Bxe4 26. Qxe4 Kh8 27. a5 e5 28. f5 Rh4 29. Qd5 Qh6 30. h3 Nf6 31. Qxc5 Rxh3+ 32. gxh3 Qxh3+ 33. Kg1 Qg3+ 34. Kh1 Qh3+ 35. Kg1 Qg3+ 36. Kh1 Qh3+ 1/2-1/2

[Event "Late-Titled-Tuesday-Blitz-August-29-2023"]
[Site "Chess.com"]
[Date "2023.08.29"]
[Round "1"]
[White "jaskol95"]
[Black "Mbneu"]
[Result "1-0"]
[WhiteElo "2574"]
[BlackElo "2249"]
[TimeControl "180+1"]
[EndTime "14:07:04 PDT"]
[Termination "jaskol95 won on time"]

1. e4 e5 2. Nf3 Nc6 3. Bc4 Nf6 4. Ng5 d5 5. exd5 Na5 6. Bb5+ c6 7. dxc6 bxc6 8. Bd3 Be7 9. h4 O-O 10. Nc3 h6 11.
Nf3 Bd6 12. Be2 c5 13. d3 Bb7 14. Be3 Nc6 15. Ne4 Nd4 16. Bxd4 exd4 17. Nxd6 Qxd6 18. Qd2 Nd5 19. O-O-O Rab8 20. Rde1 Ba6 21. g4 Qb6 22. b3 Nc3 23. g5 Qa5 24. a4 Qb4 25. Qf4 Qa3+ 26.
Kd2 Rxb3 27. Nxd4 cxd4 28. Qxd4 Nxa4 29. cxb3 Qa2+ 30. Ke3 Qxb3 31. gxh6 f6 32. hxg7 Re8+ 33. Kf4 Nc3 34. Bf3 1-0

[Event "Late-Titled-Tuesday-Blitz-August-29-2023"]
[Site "Chess.com"]
[Date "2023.08.29"]
[Round "1"]
[White "S-Fazulyanov"]
[Black "19912131712118"]
[Result "1-0"]
[WhiteElo "2705"]
[BlackElo "2392"]
[TimeControl "180+1"]
[EndTime "14:07:05 PDT"]
[Termination "S-Fazulyanov won on time"]

1. e4 c5 2. Nf3 e6 3. c4 Nc6 4.
Nc3 Nf6 5. Be2 Be7 6. O-O O-O 7. d4 cxd4 8. Nxd4 a6 9. Be3 Qc7 10. Rc1 d6 11. f3 Bd7 12. Qd2 Rad8 13. Nd5 exd5 14. cxd5 Rfe8 15. dxc6 Bxc6 16. Bxa6 Qd7 17. Nxc6 bxc6 18. Be2 Qb7 19. Qc3 Rc8 20. Rfd1 c5 21.
Bc4 Nd7 22. b3 Bf6 23. Qd3 Ne5 24. Qxd6 Nxc4 25. bxc4 Red8 26. Qg3 Rxd1+ 27. Rxd1 Qb2 28. Qf2 Qb4 29. Qc2 g6 30. f4 Ra8 31. e5 Be7 32. f5 Ra3 33. Bh6 Qc3 34. Rb1 1-0